 Dungeon Crawl Stone Soup version 0.31-a0-180-g519b7de00c (webtiles) character file.

Game seed: 5189120296591077370

104 qw the Shooter (level 4, -3/40 HPs)
             Began as a Naga Hunter on June 20, 2023.
             Slain by a cerulean imp
             ... wielding a +0 spear
             ... summoned by Natasha
              (4 damage)
             ... on level 2 of the Dungeon.
             The game lasted 00:00:25 (1469 turns).

qw the Shooter (Naga Hunter)                        Turns: 1469, Time: 00:00:26

Health: -3/40      AC:  2    Str: 14    XL:     4   Next: 80%
Magic:  4/4        EV:  9    Int:  9    God:
Gold:   104        SH:  0    Dex: 16    Spells: 3/3 levels left

rFire   . . .        Y - +1 shortbow
rCold   . . .        (shield currently unavailable)
rNeg    . . .        c - +0 leather armour
rPois   +            (no helmet)
rElec   .            (no cloak)
rCorr   .            (no gloves)
SInv    +            (no barding)
Will    .....        (no amulet)
Stlth   ++           (no ring)
HPRegen 0.26/turn    (no ring)
MPRegen 0.09/turn

%: no passive effects
@: slowed, very slow
A: AC +1, large, see invisible, deformed body, poison resistance, slowness 2,
spit poison 1, naga tail 1
a: Spit Poison


You were on level 2 of the Dungeon.
You visited 1 branch of the dungeon, and saw 2 of its levels.

You collected 104 gold pieces.


Innate Abilities, Weirdness & Mutations

Your serpentine skin is tough. (AC +1)
You have supernaturally acute eyesight. (SInv)
Armour fits poorly on your strangely shaped body.
Your system is resistant to poisons. (rPois)
You cover ground very slowly.
You can spit poison.
You have a snake-like lower body.


   Skills:
 + Level 2.5 Fighting
 - Level 5.2 Ranged Weapons
 - Level 1.5 Dodging
 - Level 1.5 Stealth


You had 3 spell levels left.
You didn't know any spells.
Your spell library was empty.

Inventory:

Hand Weapons
 Y - a +1 shortbow (weapon)
Armour
 b - a +0 cloak
 c - a +0 leather armour (worn)
Scrolls
 a - a scroll of teleportation {unknown}
 d - a scroll of fog {unknown}
 e - a scroll of fear {unknown}
 h - 4 scrolls of identify
Potions
 f - 2 potions of berserk rage {unknown}
 g - a potion of attraction {unknown}

Dungeon Overview and Level Annotations

Branches:
Dungeon (2/15)

Altars:

Annotations:
D:2 Natasha


Message History

Aiming: Spit Poison (1% risk of failure)
Press: ? - help, Shift-Dir - straight line, f/p - Natasha The splash of poison misses Natasha.
A bat comes into view.
You shoot an arrow. The arrow closely misses Natasha.
The arrow barely misses the adder.
A bat comes into view.
Natasha mumbles some strange words.
You shoot an arrow. The arrow hits Natasha!
Natasha is severely wounded.
The bat hits you but does no damage.
Natasha stares at you and mumbles some strange words.
You feel yourself slow down.
You shoot an arrow. The arrow hits the bat!
You kill the bat!
You have got your breath back.
The bat hits you but does no damage.
Natasha drinks a potion.
Natasha is healed!
The cerulean imp hits you from afar with a +0 spear.
The adder bites you.
The cerulean imp hits you from afar with a +0 spear.
The adder bites you.
1467 ||| INVOKING Spit Poison.
Aiming: Spit Poison (1% risk of failure)
Press: ? - help, Shift-Dir - straight line, f - adder The splash of poison hits the adder!
The adder is poisoned.
The adder is severely wounded.
You kill the adder!
The bat hits you but does no damage. x2
The cerulean imp hits you from afar with a +0 spear.
You shoot an arrow. The arrow closely misses Natasha.
The arrow hits the bat!
You kill the bat!
The cerulean imp hits you from afar with a +0 spear. x2
Natasha claws you!
You shoot an arrow. The arrow hits Natasha.
Natasha is moderately wounded.
You have got your breath back.
The cerulean imp hits you but does no damage.
Natasha claws you!
The cerulean imp hits you from afar with a +0 spear.
You die...

## .# .# .# ## .# .#
.# ## .# .# ..#
.###### .#
#.######....... .#
#.##...@h.%.... .#
######.##.###%.$....
.# #.........#
.5..... .#
#.........###%......
.#
#..........%........
##
#......!..###.......
.# ######.####
....... .# #.#
....... .# ######.#


You could see Natasha and a cerulean imp (summoned).

Vanquished Creatures
  Natasha (D:2)
  Terence (D:2)
  2 adders (D:2)
  6 bats
  5 endoplasms (D:1)
  3 hobgoblins (D:1)
  A kobold (D:1)
  5 ball pythons
  2 frilled lizards
  7 goblins
  5 rats
38 creatures vanquished.

Notes
Turn   | Place    | Note
-------+----------+-------------------------------------------
     0 | D:1      | qw the Naga Hunter began the quest for the Orb.
     0 | D:1      | Reached XP level 1. HP: 19/19 MP: 1/1
     0 | D:1      | 0 ||| qw: Version: 0.3-a-9-g12657ce
     0 | D:1      | 0 ||| qw: Game counter: 1146
     0 | D:1      | 0 ||| qw: Always use a shield: true
     0 | D:1      | 0 ||| qw: God list: Okawaru
     0 | D:1      | 0 ||| qw: Allow faded altars: false
     0 | D:1      | 0 ||| qw: Do Orc after D:15 true
     0 | D:1      | 0 ||| qw: Do second Lair branch before Depths: true
     0 | D:1      | 0 ||| qw: Lair rune preference: random
     0 | D:1      | 0 ||| qw: Plans: Normal
     0 | D:1      | 0 ||| PLANNING D:1-11
    42 | D:1      | 42 ||| INVOKING Spit Poison.
   110 | D:1      | 110 ||| INVOKING Spit Poison.
   216 | D:1      | 216 ||| INVOKING Spit Poison.
   237 | D:1      | 237 ||| INVOKING Spit Poison.
   255 | D:1      | 255 ||| INVOKING Spit Poison.
   259 | D:1      | Reached skill level 4 in Ranged Weapons
   259 | D:1      | Reached XP level 2. HP: 23/26 MP: 2/2
   343 | D:1      | 343 ||| INVOKING Spit Poison.
   379 | D:1      | 379 ||| INVOKING Spit Poison.
   409 | D:1      | 409 ||| INVOKING Spit Poison.
   650 | D:1      | 650 ||| INVOKING Spit Poison.
   658 | D:1      | 658 ||| INVOKING Spit Poison.
   714 | D:1      | 714 ||| INVOKING Spit Poison.
   716 | D:1      | Reached XP level 3. HP: 32/32 MP: 3/3
   718 | D:1      | 718 ||| INVOKING Spit Poison.
   817 | D:1      | Found a faded altar of an unknown god.
   915 | D:1      | 915 ||| READING scroll labelled IVILOAJOUST.
   916 | D:1      | 916 ||| READING 3 scrolls labelled IDAOCS VEYPSOERUQO.
   917 | D:1      | 917 ||| READING scroll labelled VUVOAT IPPONT.
   918 | D:1      | 918 ||| READING scroll labelled XINEUG NEXU.
   976 | D:1      | 976 ||| READING 2 scrolls of identify.
   976 | D:1      | 976 ||| IDENTIFYING blue potion
   977 | D:1      | 977 ||| DROPPING scroll of butterflies.
   978 | D:1      | 978 ||| DROPPING potion of brilliance.
  1013 | D:2      | 1013 ||| INVOKING Spit Poison.
  1079 | D:2      | Noticed Terence
  1081 | D:2      | 1081 ||| INVOKING Spit Poison.
  1086 | D:2      | 1086 ||| INVOKING Spit Poison.
  1090 | D:2      | HP: 8/32 [Terence/+0 flail (13)]
  1091 | D:2      | 1091 ||| INVOKING Spit Poison.
  1091 | D:2      | Killed Terence
  1234 | D:2      | Noticed Natasha
  1235 | D:2      | 1235 ||| INVOKING Spit Poison.
  1240 | D:2      | 1240 ||| INVOKING Spit Poison.
  1240 | D:2      | Killed Natasha
  1241 | D:2      | Reached skill level 5 in Ranged Weapons
  1241 | D:2      | Reached XP level 4. HP: 38/39 MP: 4/4
  1282 | D:2      | 1282 ||| INVOKING Spit Poison.
  1450 | D:2      | 1450 ||| INVOKING Spit Poison.
  1461 | D:2      | Noticed Natasha
  1463 | D:2      | 1463 ||| INVOKING Spit Poison.
  1467 | D:2      | 1467 ||| INVOKING Spit Poison.
  1468 | D:2      | HP: 10/40 [Natasha (8)]
  1469 | D:2      | HP: 1/40 [Natasha (9)]
  1469 | D:2      | Slain by a cerulean imp

Levels and vault maps discovered:
D:1:      dpeg_arrival_round_b, layout_loops_corners,
          nicolae_ecumenical_lake_church, kennysheep_decorative_pillar,
          minmay_misc_feat_chi, st_stairs_10
D:2:      layout_basic, uniq_terence, uniq_natasha

Skill      XL: |  1  2  3 |
---------------+----------+-----
Ranged Weapons | 4 5 |  5.2
Fighting       | |  2.5
Dodging        | |  1.5
Stealth        | |  1.5

Action                     |  1- 3 |  4- 6 || total
---------------------------+-------+-------++-------
   Fire: Shortbow          |    53 |    10 ||    63
Ability: Spit Poison       |    18 |     4 ||    22
    Use: Scroll            |     5 |       ||     5
 Armour: Leather armour    |     1 |     5 ||     6
  Dodge: Dodged            |    16 |       ||    16

Table legend:
 A = Non-vault XP
 B = Vault XP
 C = Vault XP percentage of total XP
 D = Non-vault monster count
 E = Vault monster count
 F = Vault count percentage of total count
                 A         B        C        D         E       F
            +---------+---------+-------+---------+---------+-------
      Total |      75 |      74 |  49.7 |      35 |       3 |   7.9
            +---------+---------+-------+---------+---------+-------
        D:1 |      35 |       2 |   5.4 |      23 |       1 |   4.2
        D:2 |      40 |      72 |  64.3 |      12 |       2 |  14.3
            +---------+---------+-------+---------+---------+-------
